[Event "Late-Titled-Tuesday-Blitz-June-18-2024"]
[Site "Chess.com"]
[Date "2024.06.18"]
[Round "3"]
[White "chesselephant"]
[Black "yoursillykitten"]
[Result "1-0"]
[WhiteElo "2574"]
[BlackElo "2839"]
[TimeControl "180+1"]
[EndTime "14:29:03 PDT"]
[Termination "chesselephant won by checkmate"]

1. d4 e6 2. c4 b6 3. Nc3 Bb7 4. a3 f5 5. Bf4 Nf6 6. e3 Bd6 7. Bxd6 cxd6 8. f3 O-O 9. Bd3 d5 10. Nge2 dxc4 11. Bxc4 Nc6 12. O-O Rc8 13. Ba2 Ne7 14. Rc1 Ned5 15. Qd2 Qe7 16. Rfe1 h6 17. Rc2 Kh7 18. Nc1 g5 19. Nd3 g4 20. Nxd5 Rxc2 21.
Nxf6+ Qxf6 22. Qxc2 gxf3 23. g3 Be4 24. Qd2 h5 25.
Ne5 Qg7 26. Qf2 h4 27. Nxf3 hxg3 28. hxg3 Rf6 29. Bb1 Rg6 30. Kg2 Bd5 31. e4 fxe4 32. Bxe4 Bxe4 33. Rxe4 Rf6 34. Qe3 Kg8 35. Qg5 Rg6 36.
Qd8+ Kh7 37. Rh4+ Rh6 38. Rxh6+ Kxh6 39. Qh4+ Kg6 40. Ne5+ Kf5 41. Qf4# 1-0

[Event "Late-Titled-Tuesday-Blitz-June-18-2024"]
[Site "Chess.com"]
[Date "2024.06.18"]
[Round "3"]
[White "GasconJR"]
[Black "Pachonpower"]
[Result "1-0"]
[WhiteElo "2640"]
[BlackElo "2448"]
[TimeControl "180+1"]
[EndTime "14:29:04 PDT"]
[Termination "GasconJR won by resignation"]

1. e4 e6 2. d4 d5 3. Nc3 dxe4 4. Nxe4 Nd7 5. Nf3 Ngf6 6. Nxf6+ Nxf6 7. Be3 b6 8. Bb5+ Bd7 9. Bd3 Bc6 10. Qe2 Bd6 11.
O-O-O O-O 12. Ne5 Bb7 13. f3 Nd5 14. Bd2 Be7 15. Kb1 Bg5 16. h4 Bxd2 17. Qxd2 a5 18.
g4 Nb4 19. g5 Nxd3 20. Qxd3 Qe7 21. Rdg1 Rad8 22. Qe3 c5 23. dxc5 Qxc5 24. Qxc5 bxc5 25. Rd1 Rd5 26. Rxd5 exd5 27. Nd7 Rc8 28. Re1 c4 29. c3 Bc6 30. Re7 d4 31. Ne5 Bd5 32. cxd4 Kf8 33.
Rd7 Be6 34. Ra7 Rd8 35. Rxa5 g6 36. Nc6 Rd6 37. Ra8+ Kg7 38. Ne7 f6 39. Ra7 fxg5 40. Nf5+ Kf6 41. Nxd6 gxh4 42. Rxh7 g5 43. Rh6+ Ke7 44.
Ne4 Bf5 45. Kc1 h3 46. Nxg5 1-0

[Event "Late-Titled-Tuesday-Blitz-June-18-2024"]
[Site "Chess.com"]
[Date "2024.06.18"]
[Round "3"]
[White "pompey831"]
[Black "nitpicker"]
[Result "1-0"]
[WhiteElo "2521"]
[BlackElo "2346"]
[TimeControl "180+1"]
[EndTime "14:29:05 PDT"]
[Termination "pompey831 won on time"]

1. c4 e5 2. Nc3 Nf6 3. g3 d5 4.
cxd5 Nxd5 5. Bg2 Nf6 6. b3 Be7 7. Bb2 O-O 8. d3 Nc6 9. Nf3 h6 10. O-O Bf5 11. Rc1 Re8 12. Nd2 Qd7 13. Re1 Rad8 14. Nc4 Bf8 15. Ne3 Bh3 16. Bh1 Nd4 17.
Nc4 c6 18. Nd2 Bg4 19. Bg2 Nd5 20. Nxd5 cxd5 21. a3 Nc6 22. Qc2 f5 23. b4 a6 24.
Nb3 Rc8 25. Qd2 Qf7 26. Nc5 g5 27. Ba1 f4 28. Qa2 Red8 29. Qb3 Bg7 30. Bb2 f3 31.
exf3 Bxf3 32. Bxf3 Qxf3 33. Ne6 Rd7 34. Nxg7 Kxg7 35.
Rxe5 Nxe5 36. Bxe5+ Kg6 37. Rxc8 Qd1+ 38. Qxd1 1-0

[Event "Late-Titled-Tuesday-Blitz-June-18-2024"]
[Site "Chess.com"]
[Date "2024.06.18"]
[Round "3"]
[White "VirtualCoach"]
[Black "KamilaHryshchenko"]
[Result "0-1"]
[WhiteElo "2350"]
[BlackElo "2099"]
[TimeControl "180+1"]
[EndTime "14:29:05 PDT"]
[Termination "KamilaHryshchenko won by checkmate"]

1. e4 d6 2. d4 g6 3. Nc3 Bg7 4. Be3 c6 5. Qd2 b5 6. a3 Nd7 7. h3 Nb6 8. g4 Nf6 9. Be2 h5 10. g5 Nfd7 11. h4 Rb8 12. d5 cxd5 13. Bxb5 Nc4 14.
Bxc4 dxc4 15. Bd4 Ne5 16. f4 Nd3+ 17. cxd3 Bxd4 18. dxc4 Bg7 19. Nf3 Bg4 20. O-O Qb6+ 21. Qf2 Qxb2 22. Qxb2 Rxb2 23. Rac1 Rb3 24. e5 O-O 25. Nd2 Rxa3 26. Nb5 Rd3 27. Ne4 dxe5 28. Nc5 Rg3+ 29. Kh2 Rh3+ 30. Kg2 exf4 31. Rxf4 Be5 32. Re4 f6 33. Rce1 Rg3+ 34. Kf2 fxg5+ 35. Rf4 Bxf4 36. Ne4 Be5+ 37. Nf6+ Rxf6# 0-1

[Event "Late-Titled-Tuesday-Blitz-June-18-2024"]
[Site "Chess.com"]
[Date "2024.06.18"]
[Round "3"]
[White "rdarruda"]
[Black "Viktor_Poddubnyi"]
[Result "1-0"]
[WhiteElo "2563"]
[BlackElo "2338"]
[TimeControl "180+1"]
[EndTime "14:29:06 PDT"]
[Termination "rdarruda won on time"]

1. d4 g6 2. e4 Bg7 3. Nc3 d6 4. Nf3 Nf6 5. Bg5 c5 6. Qd2 cxd4 7. Nxd4 Nc6 8. Nb3 a5 9. a4 Be6 10. Bh6 Bxh6 11. Qxh6 Qb6 12. Bb5 Qxf2+ 13. Kxf2 Ng4+ 14.
Ke2 Nxh6 15. Nd4 Bd7 16. Nxc6 Bxc6 17. h3 Ng8 18. Rad1 Nf6 19. Rhf1 O-O 20. Ke3 Rac8 21. Rd4 Bxb5 22. axb5 Rc5 23. Kd3 Rfc8 24. Rf2 Nd7 25. Rd5 Ne5+ 26. Kd4 Rc4+ 27. Ke3 Rxc3+ 28. bxc3 Rxc3+ 29. Kd2 Ra3 30. Rd4 Kf8 31. Rf1 Ke8 32. Rb1 Rg3 33. Rb3 Rxg2+ 34. Kc1 h5 35. Ra3 b6 36. Rc3 h4 37. Rc7 1-0

[Event "Late-Titled-Tuesday-Blitz-June-18-2024"]
[Site "Chess.com"]
[Date "2024.06.18"]
[Round "3"]
[White "Chopper1905"]
[Black "crazy_but_lazy"]
[Result "1-0"]
[WhiteElo "2910"]
[BlackElo "2656"]
[TimeControl "180+1"]
[EndTime "14:29:07 PDT"]
[Termination "Chopper1905 won by resignation"]

1. c4 g6 2. d4 Bg7 3. Nf3 c5 4. d5 e6 5. e4 d6 6. Bd3 Ne7 7. O-O exd5 8. exd5 O-O 9. h3 Bf5 10. Nc3 a6 11. Bg5 Bxd3 12. Qxd3 h6 13. Bd2 Nd7 14. a4 Nf5 15. Rfe1 Kh7 16. Rab1 Nd4 17. Nxd4 Bxd4 18. Ne2 Bg7 19. Bc3 Bxc3 20. Nxc3 Ne5 21. Qf1 Re8 22. Re2 Nd7 23. Rbe1 Rxe2 24. Qxe2 Kg7 25.
Qe3 Qf6 26. Ne4 Qe5 27. f4 Qe7 28. Qc3+ Nf6 29. g4 g5 30. Ng3 Qd7 31. Nh5+ 1-0

[Event "Late-Titled-Tuesday-Blitz-June-18-2024"]
[Site "Chess.com"]
[Date "2024.06.18"]
[Round "3"]
[White "kosmeg"]
[Black "Bugcrusher"]
[Result "0-1"]
[WhiteElo "2564"]
[BlackElo "2396"]
[TimeControl "180+1"]
[EndTime "14:29:11 PDT"]
[Termination "Bugcrusher won on time"]

1. Nf3 d5 2. g3 Nd7 3. d4 Nb6 4. Bg2 Bf5 5. O-O e6 6. a4 a5 7. Nc3 h6 8. Ne5 Nf6 9. Re1 Be7 10. f3 O-O 11. e4 Bh7 12. Be3 Rc8 13. Nd3 Nfd7 14.
Bf2 c5 15. dxc5 Nxc5 16. Nb5 dxe4 17. Nxc5 Bxc5 18. Bxc5 Rxc5 19. fxe4 Nxa4 20. Rxa4 Rxb5 21. Rd4 Qb6 22. Kh1 Rxb2 23. e5 Rxc2 24. Rd6 Qb2 25. Qf3 Rc1 26. Qe3 Rxe1+ 27. Qxe1 Rc8 28. Rd1 Bg6 29. Bf3 Rc2 30. Rd8+ Kh7 31. h4 Rc1 32. Rd1 Rxd1 33. Qxd1 a4 34. h5 Bc2 35. Qd7 a3 36. Qxf7 a2 37. Bd1 a1=Q 0-1

[Event "Late-Titled-Tuesday-Blitz-June-18-2024"]
[Site "Chess.com"]
[Date "2024.06.18"]
[Round "3"]
[White "PapaieDudu"]
[Black "BerlinDrawer"]
[Result "0-1"]
[WhiteElo "2363"]
[BlackElo "2568"]
[TimeControl "180+1"]
[EndTime "14:29:11 PDT"]
[Termination "BerlinDrawer won on time"]

1. Nf3 Nf6 2. d4 d5 3. c4 e6 4.
Nc3 Be7 5. Bg5 Nbd7 6. e3 O-O 7. Bd3 dxc4 8. Bxc4 c5 9. O-O a6 10. a4 cxd4 11.
Nxd4 Ne5 12. Bb3 Bd7 13. h3 Nc6 14. Nf3 Qc7 15. Rc1 Rfd8 16. e4 Be8 17. Qe2 Nh5 18.
Qe3 Bxg5 19. Qxg5 Nf4 20. e5 Nd3 21. Ne4 h6 22. Nf6+ Kh8 23. Qh4 Nxc1 24. Rxc1 Qe7 25. Bc2 Nxe5 26. Nxe5 Qxf6 27. Qe4 g6 28. Ng4 Qg7 29. Qe3 h5 30. Be4 hxg4 31. hxg4 Rac8 32. Ra1 Bc6 33. Bd3 Kg8 0-1

[Event "Late-Titled-Tuesday-Blitz-June-18-2024"]
[Site "Chess.com"]
[Date "2024.06.18"]
[Round "3"]
[White "maximnovik"]
[Black "BardArtem"]
[Result "0-1"]
[WhiteElo "2577"]
[BlackElo "2862"]
[TimeControl "180+1"]
[EndTime "14:29:12 PDT"]
[Termination "BardArtem won by checkmate"]

1. e4 e5 2. Nf3 Nc6 3. Bc4 Nf6 4.
d3 h6 5. O-O d6 6. a4 g5 7. Re1 g4 8. Nfd2 h5 9. c3 h4 10. Nf1 Bh6 11. Bxh6 Rxh6 12. Nbd2 Be6 13. Bxe6 fxe6 14. a5 Qd7 15. a6 b6 16. b4 O-O-O 17.
b5 Ne7 18. c4 Ng6 19. Ne3 Nf4 20. Ndf1 Rg8 21. d4 exd4 22. Qxd4 e5 23. Qb2 g3 24.
fxg3 hxg3 25. Nxg3 Qh7 26. Nef1 Rxh2 27. Nxh2 Rxg3 28.
Ra3 Rxg2+ 29. Qxg2 Nxg2 30. Kxg2 Nxe4 31. Rf3 Qg6+ 32.
Kh1 Ng3+ 33. Kg2 Ne2+ 34. Kf2 Nf4 35. Rg3 Qc2+ 36. Kg1 Ne2+ 37. Rxe2 Qxe2 38. Rg8+ Kd7 39. Rg7+ Ke6 40. Rxc7 e4 41. Nf1 e3 42. Rxa7 Qf2+ 43. Kh1 Qxf1+ 44. Kh2 e2 45. Ra8 e1=Q 46. Re8+ Kd7 47.
Re2 Qh1# 0-1

[Event "Late-Titled-Tuesday-Blitz-June-18-2024"]
[Site "Chess.com"]
[Date "2024.06.18"]
[Round "3"]
[White "cthake"]
[Black "RZ0"]
[Result "0-1"]
[WhiteElo "1840"]
[BlackElo "2530"]
[TimeControl "180+1"]
[EndTime "14:29:12 PDT"]
[Termination "RZ0 won by resignation"]

1. e4 c5 2. Nf3 d6 3. d4 cxd4 4. Nxd4 Nf6 5. Nc3 a6 6. h3 e5 7. Nb3 Be7 8. g4 h6 9. Be3 Be6 10. Rg1 Nbd7 11. Qd2 b5 12. f3 Nb6 13. O-O-O Nc4 14.
Bxc4 bxc4 15. Na1 Qc7 16. Nd5 Bxd5 17. exd5 Nd7 18. g5 hxg5 19. Bxg5 f6 20. Be3 g5 21.
Rg3 Nf8 22. Qc3 Rc8 23. Rdg1 Qb7 24. Rd1 Bd8 25. b3 cxb3 26. Qxb3 Qd7 27. c4 Rxh3 28. Rxh3 Qxh3 29. Ba7 Qh4 30. Qa4+ Nd7 31. Qxa6 Rxc4+ 32. Nc2 Ra4 33. Qxa4 Qxa4 0-1

[Event "Late-Titled-Tuesday-Blitz-June-18-2024"]
[Site "Chess.com"]
[Date "2024.06.18"]
[Round "3"]
[White "Arteler"]
[Black "ACollins05"]
[Result "0-1"]
[WhiteElo "2198"]
[BlackElo "2412"]
[TimeControl "180+1"]
[EndTime "14:29:12 PDT"]
[Termination "ACollins05 won by resignation"]

1. Nf3 b5 2. e3 a6 3. a4 b4 4. b3 Bb7 5. Bb2 e6 6. Be2 Nf6 7. O-O Be7 8. c4 O-O 9. d4 c5 10. Nbd2 d5 11. Rc1 Nbd7 12. Rc2 Rc8 13. Qa1 dxc4 14.
Nxc4 Rc7 15. Rfc1 Qa8 16. Ncd2 Rfc8 17. Bf1 Bf8 18. dxc5 Rxc5 19. Rxc5 Rxc5 20. Bd4 Rxc1 21. Qxc1 Bd6 22. h3 a5 23. Bb5 Bd5 24. Qf1 h6 25. Nc4 Bc7 26. Nfe5 Nxe5 27. Bxe5 Bxc4 28. Qa1 Bxe5 29.
Qxe5 Bxb3 30. Bd3 Bxa4 31. g4 Bc6 32. g5 hxg5 33. Qxg5 Be4 34. Be2 b3 35. Qb5 a4 36.
h4 a3 37. Qxb3 a2 38. Qxe6 a1=Q+ 39. Kh2 Qh1+ 40. Kg3 Qg2+ 41. Kf4 Qxf2+ 0-1

[Event "Late-Titled-Tuesday-Blitz-June-18-2024"]
[Site "Chess.com"]
[Date "2024.06.18"]
[Round "3"]
[White "FMalexhdez"]
[Black "dabee"]
[Result "0-1"]
[WhiteElo "2286"]
[BlackElo "2551"]
[TimeControl "180+1"]
[EndTime "14:29:15 PDT"]
[Termination "dabee won on time"]

1. e4 e6 2. d4 d5 3. Nc3 dxe4 4.
Nxe4 Nd7 5. Nf3 Ngf6 6. Nxf6+ Nxf6 7. Bd3 c5 8. O-O cxd4 9. Nxd4 Bc5 10. Nb3 Be7 11. c3 O-O 12. Bg5 b6 13. Qc2 h6 14.
Bxf6 Bxf6 15. Rad1 Qc7 16. Bh7+ Kh8 17. Be4 Rb8 18. Nd4 Ba6 19. Rfe1 Rbd8 20. Nf3 Rxd1 21. Rxd1 Rd8 22. g3 Rxd1+ 23. Qxd1 g6 24. h4 Kg7 25.
Kg2 Bb5 26. a4 Qc4 27. axb5 Qxe4 28. Qd7 g5 29. hxg5 hxg5 30. Qc6 Qc2 31. Nd4 Qxb2 32. Qd7 Bxd4 33. Qxd4+ Kg6 34. Qd3+ Kf6 35. Qf3+ Kg7 36. Qg4 Qxb5 37. c4 Qe5 38. f4 Qf5 0-1

[Event "Late-Titled-Tuesday-Blitz-June-18-2024"]
[Site "Chess.com"]
[Date "2024.06.18"]
[Round "3"]
[White "RealPerangel"]
[Black "FairChess_on_YouTube"]
[Result "1/2-1/2"]
[WhiteElo "2761"]
[BlackElo "3093"]
[TimeControl "180+1"]
[EndTime "14:29:16 PDT"]
[Termination "Game drawn by agreement"]

1. e4 c5 2. g3 Nc6 3. Bg2 g6 4. Ne2 Bg7 5. c3 e5 6. d3 Nge7 7. Be3 b6 8. d4 cxd4 9. cxd4 exd4 10. Nxd4 Ba6 11. Nc3 O-O 12. Qa4 Nxd4 13. Bxd4 b5 14.
Qxa6 Bxd4 15. O-O b4 16. Nb5 Bxb2 17. Rab1 Bg7 18. Rfd1 Nc6 19. f4 Qb6+ 20. Qxb6 axb6 21. Rxd7 Rxa2 22. e5 Rc2 23. Bxc6 Rxc6 24. Rxb4 Ra8 25. Rbd4 Bf8 26. Rd2 Ra5 27. Nd6 f6 28. e6 Ra1+ 29. Kg2 Re1 30. f5 gxf5 31. Nxf5 Rcxe6 32. Kh3 R1e5 33. g4 h5 34. Rb7 hxg4+ 35. Kxg4 Re4+ 36. Kh5 R6e5 37. Kg6 Rf4 38. Rg7+ Kh8 39. Rd8 Rg4+ 40. Kxf6 Rxf5+ 41. Kxf5 Rxg7 42. Rxf8+ Rg8 43. Rf6 Rb8 44. Rd6 b5 45. Rd3 b4 46. Rb3 Kg7 47. h4 Kh6 48. Ke4 Rg8 1/2-1/2

[Event "Late-Titled-Tuesday-Blitz-June-18-2024"]
[Site "Chess.com"]
[Date "2024.06.18"]
[Round "3"]
[White "DonJuanEGenaro"]
[Black "egnfanclub"]
[Result "0-1"]
[WhiteElo "1977"]
[BlackElo "2354"]
[TimeControl "180+1"]
[EndTime "14:29:18 PDT"]
[Termination "egnfanclub won on time"]

1. d4 d5 2. Nf3 Nf6 3. c4 c6 4.
cxd5 cxd5 5. Nc3 Nc6 6. Bf4 Bf5 7. e3 e6 8. Be2 Bd6 9. Bg3 O-O 10. O-O a6 11. a3 Rc8 12. Rc1 b5 13. b4 Bxg3 14.
hxg3 Ne4 15. Nxe4 Bxe4 16. Nd2 Bg6 17. Nb3 Qb6 18. Rc5 Ne7 19. Qd2 Nf5 20. Rfc1 Nd6 21. Rxc8 Rxc8 22. Rxc8+ Nxc8 23. Qc3 Nd6 24. Qc5 Qb8 25.
Na5 Nc4 26. Bxc4 dxc4 27. Nc6 Qb7 28. Qd6 h6 29. Qd8+ Kh7 30. Ne7 h5 31. f4 Kh6 0-1

[Event "Late-Titled-Tuesday-Blitz-June-18-2024"]
[Site "Chess.com"]
[Date "2024.06.18"]
[Round "3"]
[White "talaicito"]
[Black "xasid81"]
[Result "0-1"]
[WhiteElo "2300"]
[BlackElo "2573"]
[TimeControl "180+1"]
[EndTime "14:29:19 PDT"]
[Termination "xasid81 won by resignation"]

1. d4 h6 2. e4 a6 3. Nc3 g6 4. f4 b6 5. Nf3 Bb7 6. Bd3 Bg7 7.
O-O d6 8. Kh1 e6 9. f5 Ne7 10.
fxe6 fxe6 11. e5 O-O 12. Qe2 d5 13. Be3 Nd7 14. Qd2 Kh7 15. Ne2 Nf5 16. Nf4 Qe7 17. Nxg6 Kxg6 18. g4 Kh7 19. c3 c5 20. Rg1 Nxe5 21.
Nxe5 Bxe5 22. gxf5 exf5 23. Bxh6 cxd4 24. Bxf8 Rxf8 25.
Rg5 dxc3 26. Rh5+ Kg8 27. Rg1+ Bg7 28. Qf2 d4+ 29. Rg2 Bxg2+ 30. Kxg2 Rf6 31. Bc4+ Kf8 32. bxc3 Qe4+ 33. Kf1 dxc3 34. Rh3 Qxc4+ 0-1

[Event "Late-Titled-Tuesday-Blitz-June-18-2024"]
[Site "Chess.com"]
[Date "2024.06.18"]
[Round "3"]
[White "Msb2"]
[Black "ameetghasi100"]
[Result "1/2-1/2"]
[WhiteElo "3066"]
[BlackElo "2755"]
[TimeControl "180+1"]
[EndTime "14:29:20 PDT"]
[Termination "Game drawn by repetition"]

1. d4 g6 2. c4 Nf6 3. Nc3 Bg7 4. e4 O-O 5. Be2 d6 6. Nf3 Bg4 7. Be3 Nfd7 8. h4 h5 9. Ng5 Bxe2 10. Qxe2 e5 11.
d5 Nf6 12. f3 c6 13. O-O c5 14. a3 Nbd7 15. b4 b6 16. Rab1 Qe7 17. Na4 Rfc8 18. bxc5 dxc5 19. Nc3 Ne8 20. d6 Nxd6 21. Rfd1 Nb8 22.
Qd3 Nb7 23. Nb5 Nc6 24. Qd7 Nba5 25. Qxe7 Nxe7 26. Rd7 Nac6 27. Nc3 Rd8 28. Rbd1 Rxd7 29. Rxd7 Rd8 30. Rc7 Rc8 31. Rb7 Rb8 32. Rd7 Rd8 33. Rc7 Rc8 34. Rb7 Rb8 35. Rc7 Rc8 1/2-1/2

[Event "Late-Titled-Tuesday-Blitz-June-18-2024"]
[Site "Chess.com"]
[Date "2024.06.18"]
[Round "3"]
[White "cedchass2006"]
[Black "azikom"]
[Result "0-1"]
[WhiteElo "2324"]
[BlackElo "2679"]
[TimeControl "180+1"]
[EndTime "14:29:20 PDT"]
[Termination "azikom won on time"]

1. e4 c6 2. d4 d5 3. e5 Bf5 4. Nf3 e6 5. Be2 Nd7 6. O-O Ne7 7. a4 h6 8. a5 a6 9. b4 Ng6 10. c3 f6 11. Bd3 Bxd3 12. Qxd3 Kf7 13. Re1 fxe5 14. Nxe5+ Ngxe5 15. dxe5 Be7 16. Nd2 Re8 17.
Nf3 Kg8 18. Bxh6 gxh6 19. Qg6+ Kf8 20. Qxh6+ Kg8 21. Qxe6+ Kh8 22. Qh6+ Kg8 23. e6 Nf8 24. Re5 Bf6 25. e7 Bxe7 26. Rh5 Bf6 27. Ng5 Bg7 28. Ne6 Bxh6 29. Nxd8 Raxd8 30. Rxh6 Re6 31. Rh3 d4 32. Rg3+ Kf7 33. Rf3+ Rf6 34. Rxf6+ Kxf6 35. c4 Ne6 36. Rd1 c5 37. g3 cxb4 38. Kf1 d3 39. Kg2 b3 40. Kf3 Nc5 41. Ke3 b2 42. Rb1 Na4 43. Kd2 Rd4 44. h4 Rxc4 45. Kxd3 Rc1 46. Kd4 Rxb1 47. f3 Rf1 48. g4 b1=Q 49. h5 Qb4+ 0-1

[Event "Late-Titled-Tuesday-Blitz-June-18-2024"]
[Site "Chess.com"]
[Date "2024.06.18"]
[Round "3"]
[White "i_like_explosions"]
[Black "Chigorinetz"]
[Result "0-1"]
[WhiteElo "2417"]
[BlackElo "2613"]
[TimeControl "180+1"]
[EndTime "14:29:22 PDT"]
[Termination "Chigorinetz won on time"]

1. d4 d5 2. c4 Nc6 3. cxd5 Qxd5 4. e3 e5 5. Nc3 Bb4 6. a3 Bxc3+ 7. bxc3 Nf6 8. Nf3 O-O 9. Be2 e4 10. c4 Qa5+ 11. Bd2 Qf5 12. Nh4 Qg5 13. g3 Bh3 14.
f4 exf3 15. Bxf3 Ng4 16. Qe2 Rfe8 17. e4 Qh5 18. Bc3 a6 19. O-O-O b5 20. c5 a5 21. e5 b4 22. Bb2 bxa3 23. Bxa3 Rab8 24. Bxc6 Qh6+ 25. Qd2 Qxc6 26. Rhe1 Rb3 27. Bb2 Reb8 28. Re2 a4 29. Ba1 Qd5 30. Qc2 Ne3 31. Rxe3 Rxe3 32.
Qxa4 g5 33. Bb2 Re2 34. Bc3 Ra8 35. Qb4 Qe4 0-1

[Event "Late-Titled-Tuesday-Blitz-June-18-2024"]
[Site "Chess.com"]
[Date "2024.06.18"]
[Round "3"]
[White "newyorkmouse"]
[Black "Fandorine"]
[Result "0-1"]
[WhiteElo "2582"]
[BlackElo "2921"]
[TimeControl "180+1"]
[EndTime "14:29:23 PDT"]
[Termination "Fandorine won by checkmate"]

1. h3 a6 2. b3 a5 3. a3 b6 4. Bb2 Bb7 5. Nf3 Nf6 6. g3 Bxf3 7. exf3 e6 8. Bg2 g6 9. O-O Bg7 10. f4 d5 11. d3 O-O 12. Nd2 Nbd7 13. c4 c6 14. Nf3 Rc8 15. Ne5 Ne8 16. Re1 Nd6 17.
Rc1 Nf5 18. Qd2 Nc5 19. Qc2 Bxe5 20. Rxe5 dxc4 21. dxc4 Qd3 22. Be4 Qxc2 23. Bxc2 Rfd8 24. Re2 Nd4 25. Bxd4 Rxd4 26. Ree1 Rcd8 27. Rcd1 Kf8 28.
Rxd4 Rxd4 29. Rd1 Rxd1+ 30. Bxd1 Ke7 31. Kf1 Ne4 32. Bc2 Nd6 33. Ke2 Kf6 34. Kf3 h6 35.
Ke3 a4 36. Kd4 axb3 37. Bxb3 c5+ 38. Kd3 Nf5 39. Bd1 Nd4 40. Ke4 Ke7 41. Ke5 f5 42.
Ba4 Nf3# 0-1

[Event "Late-Titled-Tuesday-Blitz-June-18-2024"]
[Site "Chess.com"]
[Date "2024.06.18"]
[Round "3"]
[White "KVAIDAN"]
[Black "lukas_111111"]
[Result "0-1"]
[WhiteElo "2453"]
[BlackElo "2645"]
[TimeControl "180+1"]
[EndTime "14:29:23 PDT"]
[Termination "lukas_111111 won by resignation"]

1. f4 Nh6 2. Nf3 c6 3. b3 d5 4. Bb2 Qb6 5. e3 Bg4 6. h3 Bxf3 7. Qxf3 Nd7 8. g4 e5 9. fxe5 Be7 10. h4 Qc7 11. g5 Nxe5 12. Qf4 Nhg4 13. Bh3 Bd6 14. Qf1 O-O 15. Nc3 f6 16. O-O-O fxg5 17. Qg1 Nf2 18.
Qxg5 Nxh1 19. Rxh1 Qe7 20. Qg2 Ba3 21. Ne2 Bxb2+ 22.
Kxb2 Qf6 23. d4 Ng6 24. h5 Nh4 25. Qg4 Nf5 26. Nf4 Nxe3 27. Qe6+ Qxe6 28. Bxe6+ Rf7 29. Ng6 Re8 30. Bxf7+ Kxf7 31. Ne5+ Kf6 32. Rh3 Nf5 33. Rf3 Ke6 34. c3 Nd6 35. Rg3 Re7 36. Re3 Ne4 37. c4 Re8 38. b4 Rf8 39. b5 cxb5 40.
cxb5 Rf2+ 41. Ka3 Rh2 42. Nd3 Kd6 43. Nf4 Rf2 44. Nd3 Rd2 45. Kb3 Rh2 46. Nf4 Nd2+ 47. Kc3 Nc4 48. Re6+ Kd7 49. Nxd5 Kxe6 50. Nc7+ Kd7 51.
Nd5 Nd6 52. Nf4 Nxb5+ 53. Kc4 Nd6+ 54. Kd5 Rxa2 55. Nd3 Ra5+ 56. Nc5+ Rxc5+ 57. dxc5 Nc8 0-1

[Event "Late-Titled-Tuesday-Blitz-June-18-2024"]
[Site "Chess.com"]
[Date "2024.06.18"]
[Round "3"]
[White "tortorchess"]
[Black "Laico"]
[Result "0-1"]
[WhiteElo "2217"]
[BlackElo "2442"]
[TimeControl "180+1"]
[EndTime "14:29:23 PDT"]
[Termination "Laico won by resignation"]

1. d4 e6 2. c4 f5 3. Nc3 b6 4. g3 Bb7 5. Nf3 Bb4 6. Bg2 Bxc3+ 7. bxc3 Nf6 8. O-O O-O 9. Rb1 d6 10. a4 a5 11. Qb3 Be4 12. Rb2 Qe8 13. c5 bxc5 14.
dxc5 dxc5 15. Ng5 Bxg2 16. Kxg2 Qc6+ 17. f3 Re8 18. Bf4 h6 19. Nh3 Nd5 20. Rd1 Nd7 21.
e4 fxe4 22. fxe4 Nxf4+ 23. Nxf4 Qxe4+ 24. Kg1 Ne5 25. Re2 Qf5 26. Kg2 g5 27. Rde1 c4 28. Qb7 Nd3 29. Nxd3 cxd3 30. Re5 d2 31. Qxc7 dxe1=Q 32.
Rxe1 Rf8 33. Qb6 Rab8 34. Qd4 Rb2+ 35. Kg1 Qh3 0-1

[Event "Late-Titled-Tuesday-Blitz-June-18-2024"]
[Site "Chess.com"]
[Date "2024.06.18"]
[Round "3"]
[White "sudtirolese06"]
[Black "EmmaChess"]
[Result "1-0"]
[WhiteElo "2471"]
[BlackElo "2629"]
[TimeControl "180+1"]
[EndTime "14:29:26 PDT"]
[Termination "sudtirolese06 won on time"]

1. d4 Nf6 2. Bf4 b6 3. e3 Bb7 4. Nf3 g6 5. Nbd2 Bg7 6. Bd3 O-O 7. h3 d6 8. O-O Nc6 9. Bh2 Nd7 10. c3 e5 11. d5 Ne7 12. e4 Bh6 13. c4 a5 14. b3 f5 15. a3 Nc5 16. Bc2 Bc8 17.
b4 fxe4 18. Nxe4 Nxe4 19. Bxe4 Bf5 20. Qd3 Bf4 21. Rfd1 Bxe4 22. Qxe4 Bxh2+ 23. Kxh2 Rf4 24. Qe3 Nf5 25. Qe2 axb4 26. axb4 Rxa1 27. Rxa1 e4 28. Ne1 Qe8 29. g3 Nd4 30. Qe3 Nf3+ 31. Kh1 Rf8 32. Nxf3 Rxf3 33. Qe2 Qf7 34. Kg2 Qf5 35. Ra8+ Kg7 36. Re8 e3 37. Rxe3 Rxe3 38. Qxe3 b5 39. Qe7+ Kh6 40. Qxc7 Qe4+ 41. Kh2 Qf3 42. Kg1 Qd1+ 43.
Kg2 Qd4 44. cxb5 Qxd5+ 45. Kh2 Qd2 46. Kg2 Qd5+ 47. Kg1 Qd1+ 48. Kh2 Qd2 49. Qb6 d5 50. Qe3+ Qxe3 51. fxe3 d4 52. exd4 1-0

[Event "Late-Titled-Tuesday-Blitz-June-18-2024"]
[Site "Chess.com"]
[Date "2024.06.18"]
[Round "3"]
[White "MikeSailer"]
[Black "Chempiblinka"]
[Result "0-1"]
[WhiteElo "2056"]
[BlackElo "2369"]
[TimeControl "180+1"]
[EndTime "14:29:26 PDT"]
[Termination "Chempiblinka won on time"]

1. d4 Nf6 2. Nf3 g6 3. Bf4 Bg7 4. e3 O-O 5. Be2 d6 6. O-O Nbd7 7. c4 Ne4 8. Nc3 Nxc3 9. bxc3 Qe8 10. h3 e5 11. Bh2 b6 12. a4 a5 13. Re1 Bb7 14.
Rb1 h6 15. c5 dxc5 16. dxe5 Nxe5 17. Nxe5 Bxe5 18. Bxe5 Qxe5 19. Bf3 Rad8 20. Qe2 Bxf3 21. Qxf3 Qxc3 22. Qf4 Rd7 23. Qxh6 Rfd8 24. h4 Qf6 25. h5 Rd2 26. Rf1 R8d5 27. hxg6 Qxg6 28. Qh3 Kg7 29. e4 Rh5 30. Qc3+ Rd4 31. Rbd1 Qd6 32. f4 f6 33. Rxd4 Qxd4+ 34. Qxd4 cxd4 35. Rc1 c5 36. Rb1 c4 37. Rxb6 Rc5 38. Rb2 c3 39. Rb7+ Kg6 0-1

[Event "Late-Titled-Tuesday-Blitz-June-18-2024"]
[Site "Chess.com"]
[Date "2024.06.18"]
[Round "3"]
[White "divudis17"]
[Black "olakenn"]
[Result "1-0"]
[WhiteElo "2343"]
[BlackElo "1862"]
[TimeControl "180+1"]
[EndTime "14:29:27 PDT"]
[Termination "divudis17 won by resignation"]

1. Nf3 d5 2. e3 c6 3. c4 Bg4 4. Nc3 e6 5. Qb3 Qb6 6. Ne5 Qxb3 7. axb3 Bf5 8. Bd3 Bxd3 9. Nxd3 Nf6 10. Ne5 Nbd7 11.
Nxd7 Nxd7 12. d4 Bb4 13. Bd2 a6 14. c5 Bxc3 15. bxc3 Nf6 16. f3 h5 17. Ke2 h4 18.
g4 hxg3 19. hxg3 Ke7 20. g4 Nd7 21. c4 Rag8 22. Ba5 g6 23. Bc7 Rc8 24. Bd6+ Kf6 25. Kf2 Kg7 26. Kg2 Rxh1 27. Kxh1 Rh8+ 28. Kg2 Rh7 29. Ra4 Rh8 30. Rb4 b5 31. cxb6 a5 32. Ra4 Nxb6 33. Rxa5 dxc4 34. Be5+ f6 35. Ra7+ Kh6 36.
Bxf6 Nc8 37. Rc7 1-0

[Event "Late-Titled-Tuesday-Blitz-June-18-2024"]
[Site "Chess.com"]
[Date "2024.06.18"]
[Round "3"]
[White "pooh2012"]
[Black "evgchess5"]
[Result "0-1"]
[WhiteElo "2566"]
[BlackElo "2918"]
[TimeControl "180+1"]
[EndTime "14:29:28 PDT"]
[Termination "evgchess5 won on time"]

1. d4 Nf6 2. Nf3 e6 3. Bf4 c5 4. c3 Nc6 5. e3 d5 6. Nbd2 cxd4 7. exd4 Nh5 8. Be3 Bd6 9. Ne5 g6 10.
Bb5 Qc7 11. Qa4 O-O 12. Bxc6 bxc6 13. Nd3 f6 14. O-O-O e5 15. f3 a5 16. dxe5 fxe5 17. Bc5 Bf5 18. Nb3 Bxd3 19. Rxd3 Nf4 20. Rd2 Ne6 21.
Bxd6 Qxd6 22. Re1 Rfe8 23. Qa3 Qxa3 24. bxa3 a4 25. Na1 Nc5 26. Nc2 e4 27. fxe4 Nxe4 28. Rde2 Reb8 29. Re3 Rb6 30. Nb4 Rab8 31. Kc2 Kg7 32.
c4 c5 33. Nxd5 Rb2+ 34. Kd3 Nf2+ 35. Kc3 Rxa2 36. Re7+ Kh6 0-1

[Event "Late-Titled-Tuesday-Blitz-June-18-2024"]
[Site "Chess.com"]
[Date "2024.06.18"]
[Round "3"]
[White "Hirna2005"]
[Black "CristhianPortalR"]
[Result "0-1"]
[WhiteElo "2281"]
[BlackElo "2505"]
[TimeControl "180+1"]
[EndTime "14:29:29 PDT"]
[Termination "CristhianPortalR won on time"]

1. e4 c5 2. Nf3 d6 3. c3 Nf6 4. h3 Nc6 5. Bd3 g6 6. O-O Bg7 7. Bc2 e5 8. d4 cxd4 9. cxd4 exd4 10. Nxd4 O-O 11. Nc3 d5 12. exd5 Nxd5 13. Nxc6 bxc6 14.
Bd2 Rb8 15. Rb1 Be6 16. Na4 Qd6 17. Bb3 Rfd8 18. Ba5 Rd7 19. Qf3 Rb5 20. Bd2 h5 21. Rfd1 Qb8 22. Bc4 Bf5 23. Rbc1 Rxb2 24. Nxb2 Bxb2 25.
Rb1 Bxb1 26. Rxb1 Qe5 27. Re1 Qg7 28. Re8+ Kh7 29. Qb3 Be5 30. Bg5 Bc7 31. g3 Nc3 32.
Kg2 Qd4 33. Qc2 Nd5 34. Bxd5 Qxd5+ 35. Kh2 Qxg5 36. Qxc6 Qf5 0-1